 Dungeon Crawl Stone Soup version 0.17-a0-1399-gd5b76e1 (webtiles) character file.

5229 Lathuz the Basher (level 10, 0/90 HPs)
             Began as a Minotaur Fighter on June 18, 2015.
             Was a Priest of the Shining One.
             Slain by a yak (6 damage)
             ... on level 8 of the Dungeon.
             The game lasted 00:21:30 (7986 turns).

Lathuz the Basher (Minotaur Fighter)                Turns: 7986, Time: 00:21:30

Health: 0/90       AC: 16    Str: 21    XL:     10   Next: 35%
Magic:  9/9        EV:  5    Int:  5    God:    the Shining One [***...]
Gold:   403        SH: 12    Dex: 13    Spells: 0 memorised, 9 levels left

rFire  . . .     SeeInvis .     a - +0 flail
rCold  . . .     Clarity  .     x - +0 plate armour
rNeg   + . .     SustAt   .     c - +0 shield
rPois  .         Gourm    .     (helmet restricted)
rElec  .         Spirit   .     (no cloak)
rCorr  .         Warding  .     (no gloves)
rMut   .         Stasis   .     w - +1 pair of boots
MR     .....                    (no amulet)
Stlth  ..........               (no ring)
                                (no ring)

@: glowing, not resistant to hostile enchantments, extremely unstealthy
A: retaliatory headbutt, horns 2
a: Divine Shield, Renounce Religion


You were on level 8 of the Dungeon.
You worshipped the Shining One.
The Shining One was most pleased with you.
You were not hungry.

You visited 1 branch of the dungeon, and saw 9 of its levels.

You collected 403 gold pieces.

Inventory:

Hand weapons
 a - a +0 flail (weapon)
Armour
 c - a +0 shield (worn)
 w - a +1 pair of boots (worn)
 x - a +0 plate armour (worn)
 G - a +2 ring mail of fire resistance
Jewellery
 b - the amulet of Miutriz {Clar *Corrode Str+10 Dex-5, unknown}
   (You found it on level 4 of the Dungeon)

   [amulet of clarity]

   It provides mental clarity.
   It affects your strength (+10).
   It affects your dexterity (-5).
   It may corrode your equipment when you take damage.
Magical devices
 r - a wand of paralysis (18)
 y - a wand of polymorph (20)
Scrolls
 h - 9 scrolls of identify {unknown}
 i - 2 scrolls of fear {unknown}
 k - 3 scrolls of remove curse {unknown}
 m - 3 scrolls of enchant weapon {unknown}
 q - 2 scrolls of random uselessness {unknown}
 s - 6 scrolls of teleportation {unknown}
 C - 3 scrolls of enchant armour {unknown}
 D - 3 scrolls of blinking {unknown}
 F - a scroll of recharging {unknown}
 I - a scroll of immolation {unknown}
Potions
 d - a potion of might
 f - a potion of invisibility {unknown}
 g - 2 potions of mutation {unknown}
 l - a potion of ambrosia {unknown}
 n - 3 potions of flight {unknown}
 o - 6 potions of lignification {unknown}
 p - 4 potions of curing
 t - 2 potions of haste {unknown}
 v - a potion of poison {unknown}
 A - 2 potions of resistance {unknown}
 E - a potion of cure mutation {unknown}
Books
 B - a book of Minor Magic

   Spells                             Type                      Level
   a - Magic Dart                     Conjuration                  1
   b - Blink                          Translocation                2
   c - Call Imp                       Summoning                    2
   d - Repel Missiles                 Charms/Air                   2
   e - Slow                           Hexes                        2
   f - Conjure Flame                  Conjuration/Fire             3
   g - Mephitic Cloud                 Conjuration/Poison/Air       3
 H - a book of Flames

   Spells                             Type                      Level
   a - Flame Tongue                   Conjuration/Fire             1
   b - Throw Flame                    Conjuration/Fire             2
   c - Conjure Flame                  Conjuration/Fire             3
   d - Inner Flame                    Hexes/Fire                   3
   e - Sticky Flame                   Conjuration/Fire             4
   f - Fireball                       Conjuration/Fire             5
 L - a book of Fire

   Spells                             Type                      Level
   a - Ignite Poison                  Fire/Transmutation/Poison    3
   b - Fireball                       Conjuration/Fire             5
   c - Bolt of Fire                   Conjuration/Fire             6
   d - Delayed Fireball               Conjuration/Fire             7
   e - Ring of Flames                 Charms/Fire                  7
Comestibles
 e - 5 bread rations
 j - 5 meat rations
 u - a royal jelly
 z - a slice of pizza
 K - 12 fruits


   Skills:
 + Level 8.5 Fighting
 - Level 12.1 Maces & Flails
 + Level 8.6 Armour
 - Level 9.3 Shields


You had 9 spell levels left.
You didn't know any spells.

Dungeon Overview and Level Annotations

Branches:
Dungeon (9/15)             Temple (0/1) D:7
   Lair: D:8-11         Orc: D:9-12

Altars:
Ashenzari
Cheibriados
Dithmenos
Elyvilon
Makhleb
Qazlal
Ru
Trog
Vehumet
Yredelemnul
Zin
The Shining One

Shops:
D:6 =   D:7 [

Annotations:
D:5 1 runed door


Innate Abilities, Weirdness & Mutations

You reflexively headbutt those who attack you in melee.
You have a pair of horns on your head.


Message History

The two-headed ogre hits you but does no damage.
The centaur hits you but does no damage.
You block the orc warrior's attack. You block the yak's attack.
You block the yak's attack. The orc hits you but does no damage.
You sock the yak!
The yak is almost dead.
The centaur hits you but does no damage.
The two-headed ogre hits you with a giant club!
The Shining One protects you from harm! The two-headed ogre barely misses you.
The yak gores you but does no damage.
The orc warrior hits you but does no damage.
The centaur hits you. The Shining One protects you from harm!
You block the yak's attack.
You thump the yak!
You kill the yak!
You block the orc's attack.
The centaur hits you but does no damage.
The yak gores you.
You die...

##...##....≈≈....## #
##...............###
#................##
##................#
##.................
#########....#.............
#.....†.......#............
##.......†oO..##...........
##.......@Y...##..........
##.....†co...............
##......................
##........###...####.....
##..##.(((####...## #####.
##..####....##.....## #.
##.### ##...........# ##.
###.## #...........#####..
#..## ##.................


You could see a yak, a two-headed ogre, an orc warrior, a centaur and an orc.

Vanquished Creatures
  Prince Ribbit (D:8)
  Sigmund (D:3)
  A steam dragon (D:8)
  A wyvern (D:8)
  6 yaks (D:8)
  Edmund (D:5)
  An ice beast (D:8)
  4 black bears
  5 ogres
  2 centaurs
  2 necrophages
  An orc warrior (D:7)
  2 sky beasts (D:7)
  The ghost of Kidiri the Shield-Bearer, an average GrFi (D:3)
  9 big kobolds (D:8)
  7 giant frogs
  A gnoll sergeant (D:8)
  A wight (D:7)
  A giant frog zombie (D:7)
  3 centaur skeletons
  3 crimson imps
  An iguana (D:8)
  Ijyb (D:3)
  A hound (D:8)
  2 orc priests
  3 orc wizards
  7 worker ants
  2 hound skeletons
  4 gnolls (D:8)
  12 adders
  A shadow imp (D:6)
  2 adder skeletons
  An adder zombie (D:5)
  5 giant geckos
  16 orcs
  A bat zombie (D:7)
  5 giant cockroaches
  11 goblins
  13 hobgoblins
  8 jackals
  4 quokkas
  3 ball pythons
  11 bats
  A giant gecko zombie (D:8)
  2 giant newts
  A jackal zombie (D:6)
  30 kobolds
  13 rats
215 creatures vanquished.

Notes
Turn   | Place    | Note
--------------------------------------------------------------
     0 | D:1      | Lathuz the Minotaur Fighter began the quest for the Orb.
     0 | D:1      | Reached XP level 1. HP: 19/19 MP: 0/0
   221 | D:1      | Reached XP level 2. HP: 26/26 MP: 1/1
   559 | D:1      | Reached skill level 4 in Shields
   898 | D:2      | Reached XP level 3. HP: 29/31 MP: 2/2
   916 | D:2      | Found a basalt altar of Yredelemnul.
  1358 | D:2      | Found a stormy altar of Qazlal.
  1361 | D:2      | Found a white marble altar of Elyvilon.
  1364 | D:2      | Found a sacrificial altar of Ru.
  1447 | D:3      | Found a glowing golden altar of the Shining One.
  1451 | D:3      | Became a worshipper of the Shining One
  1466 | D:3      | Noticed Kidiri's ghost (average GrFi)
  1473 | D:3      | HP: 1/31 [Kidiri's ghost (7)]
  1474 | D:3      | Killed Kidiri's ghost
  1474 | D:3      | Reached skill level 5 in Maces & Flails
  1474 | D:3      | Reached XP level 4. HP: 1/39 MP: 3/3
  1474 | D:3      | Reached XP level 5. HP: 1/45 MP: 4/4
  1941 | D:3      | Noticed Ijyb
  1949 | D:3      | Killed Ijyb
  2159 | D:3      | Found a shattered altar of Ashenzari.
  2239 | D:3      | Noticed Sigmund
  2251 | D:3      | Killed Sigmund
  2251 | D:3      | Reached skill level 6 in Maces & Flails
  2251 | D:3      | Reached skill level 5 in Shields
  2251 | D:3      | Reached XP level 6. HP: 35/51 MP: 5/5
  2436 | D:4      | Reached skill level 7 in Maces & Flails
  2460 | D:4      | Got a pitted jade amulet
  2547 | D:4      | Found a glowing drain.
  2730 | D:4      | Found a shadowy altar of Dithmenos.
  2933 | D:4      | Reached XP level 7. HP: 57/57 MP: 6/6
  3093 | D:4      | Reached skill level 8 in Maces & Flails
  3288 | D:5      | Entered Level 5 of the Dungeon
  3344 | D:5      | Noticed Edmund
  3363 | D:5      | Killed Edmund
  3566 | D:5      | Reached skill level 9 in Maces & Flails
  3569 | D:5      | Acquired the Shining One's first power
  3623 | D:5      | Found a burning altar of Makhleb.
  3627 | D:5      | Found a glowing silver altar of Zin.
  3628 | D:5      | Noticed a cacodemon
  3628 | D:5      | Noticed an angel
  3677 | D:5      | Found a radiant altar of Vehumet.
  3881 | D:5      | Found a white marble altar of Elyvilon.
  3881 | D:5      | Found a runed door.
  3881 | D:5      | Noticed an angel
  4204 | D:6      | Reached XP level 8. HP: 55/64 MP: 7/7
  4335 | D:6      | Reached skill level 10 in Maces & Flails
  4434 | D:6      | Found Bokh's Jewellery Boutique.
  4838 | D:7      | Acquired the Shining One's second power
  4904 | D:7      | Found a bloodstained altar of Trog.
  4959 | D:7      | Reached skill level 11 in Maces & Flails
  5048 | D:7      | Found a staircase to the Ecumenical Temple.
  5319 | D:7      | Reached XP level 9. HP: 64/70 MP: 8/8
  5478 | D:7      | Found Favemy's Antique Armour Emporium.
  5585 | D:8      | Noticed Prince Ribbit
  5601 | D:8      | Killed Prince Ribbit
  5601 | D:8      | Reached skill level 12 in Maces & Flails
  6458 | D:8      | Reached skill level 5 in Fighting
  6458 | D:8      | Reached skill level 5 in Armour
  7207 | D:8      | Reached XP level 10. HP: 86/86 MP: 9/9
  7744 | D:8      | Found a snail-covered altar of Cheibriados.
  7985 | D:8      | The Shining One protects you from harm!
  7985 | D:8      | The Shining One protects you from harm!
  7986 | D:8      | Slain by a yak

Vault maps used:
D:1:      matt_arrival_spirals, kennysheep_nondescript
D:2:      overflow_temple_1_default, grunt_temple_overflow_diamond
D:3:      overflow_temple_1_default, old_standard_altar, uniq_sigmund, uniq_iyjb
D:4:      grunt_dithmenos_smoke, gup_sewer_entry_glass, first_bread,
          minmay_close_crescents
D:5:      grunt_temple_overflow_order_and_chaos_2,
          lemuel_coloured_pillars_altar, lemuel_angel_altar, uniq_edmund
D:6:      serial_shops, nicolae_shop_statue_plus
D:7:      old_standard_altar, minmay_temple_entry_statues_fountains,
          serial_shops, shop
D:8:      lemuel_doored_altar, special_room, dk_vineyard_3, uniq_prince_ribbit1
D:9:      dpeg_lair_monsters, serial_shops, shop

Action                   |  1- 3 |  4- 6 |  7- 9 | 10-12 || total
-------------------------+-------+-------+-------+-------++-------
Melee: Flail             |    93 |    83 |   399 |    75 ||   650
Invok: Divine Shield     |       |       |     1 |       ||     1
  Eat: Chunk             |     2 |     5 |    13 |       ||    20
       Bread ration      |       |       |       |     1 ||     1
